 Dungeon Crawl Stone Soup version 0.18-a0-1347-gb9e2fb4 (webtiles) character file.

17 Oddball22 the Charmwright (level 2, 0/19 HPs)
             Began as a High Elf Skald on Feb 17, 2016.
             Slain by a jackal (3 damage)
             ... on level 1 of the Dungeon.
             The game lasted 00:01:31 (886 turns).

Oddball22 the Charmwright (High Elf Skald)           Turns: 886, Time: 00:01:31

Health: 0/19       AC:  3    Str: 11    XL:     2   Next: 44%
Magic:  1/6        EV: 11    Int: 15    God:
Gold:   41         SH:  0    Dex: 14    Spells: 3 memorised, 0 levels left

rFire  . . .     SeeInvis .     a - +0 falchion
rCold  . . .     Gourm    .     b - +0 leather armour
rNeg   . . .     Faith    .     (no shield)
rPois  .         Spirit   .     (no helmet)
rElec  .         Dismiss  .     (no cloak)
rCorr  .         Reflect  .     (no gloves)
SustAt .         Harm     .     (no boots)
MR     .....                    (no amulet)
Stlth  +.........               (no ring)
                                (no ring)

@: infused, not resistant to hostile enchantments, very unstealthy
A: no striking features
a: no special abilities


You were on level 1 of the Dungeon.
You were not hungry.

You visited 1 branch of the dungeon, and saw 2 of its levels.

You collected 41 gold pieces.

Inventory:

Hand Weapons
 a - a +0 falchion (weapon)
Armour
 b - a +0 leather armour (worn)
Scrolls
 e - a scroll of enchant weapon {unknown}
 g - a scroll of fog {unknown}
 j - a scroll of blinking {unknown}
Potions
 h - 2 potions of flight {unknown}
 k - a potion of heal wounds {unknown}
 l - a potion of agility {unknown}
Books
 c - a book of Battle

   Spells                             Type                      Level
   a - Infusion                       Charms                       1
   b - Shroud of Golubria             Charms/Translocation         2
   c - Song of Slaying                Charms                       2
   d - Spectral Weapon                Hexes/Charms                 3
   e - Regeneration                   Charms/Necromancy            3
Comestibles
 d - 2 bread rations
 f - a meat ration


   Skills:
 - Level 2.0 Fighting
 * Level 3.5 Long Blades
 - Level 0.8 Armour
 + Level 1.5 Dodging
 - Level 2.4 Spellcasting
 - Level 3.6 Charms


You couldn't memorise any spells.
You knew the following spells:

 Your Spells              Type           Power        Failure   Level  Hunger
a - Infusion              Chrm           ##..         10%         1    #......
b - Song of Slaying       Chrm           ##......     12%         2    ###....
c - Shroud of Golubria    Chrm/Tloc      #.........   24%         2    ###....


Dungeon Overview and Level Annotations

Branches:
Dungeon (2/15)

Altars:


Message History

You barely miss the jackal. The jackal bites you.
You hit the jackal.
The jackal is almost dead.
The jackal bites you but does no damage.
The jackal bites you. The jackal barely misses you.
The jackal barely misses you. The jackal bites you. x3
The jackal barely misses you.
You climb upwards.
There is a stone staircase leading down here.
You hit the jackal.
You kill the jackal!
The jackal barely misses you. The jackal closely misses you.
You hit the jackal.
The jackal is severely wounded.
The jackal misses you. The jackal bites you. x2
* * * LOW HITPOINT WARNING * * *
You hit the jackal.
You kill the jackal!
The jackal bites you.
You die...

#.#########.########
#.......#...........
###################..#.#.#######.
...............# #............#.
##############.# #...≈≈...###.#.
#............#.# ##.≈⌠≈.....#.#.
#.##########.#.# #..≈...#...#.#.
#.# #..(..#.#.####......#...#.#.
#.# #.###.#.#.#@†...............
#.# #.#...#.#.#h#...#.###...#.#.
#.# #.###.#.#.#.#.#.............
#.# #.......#...................
#.#####.....##.....#.............
#.#.........)......#...#.........
#.#.###.....####.#.#...#.........
#.#.# #.....####.#.#.#.#.....#.#.
..#.# ####.#.....#.#...#.....#.#.


You could see a jackal.

Vanquished Creatures
  A ball python (D:1)
  A bat (D:1)
  2 giant cockroaches (D:1)
  A goblin (D:1)
  3 hobgoblins (D:1)
  3 jackals
  3 rats (D:1)
14 creatures vanquished.

Notes
Turn   | Place    | Note
--------------------------------------------------------------
     0 | D:1      | Oddball22 the High Elf Skald began the quest for the Orb.
     0 | D:1      | Reached XP level 1. HP: 14/14 MP: 4/4
   463 | D:1      | Reached XP level 2. HP: 19/19 MP: 3/6
   477 | D:1      | Learned a level 2 spell: Song of Slaying
   480 | D:1      | Learned a level 2 spell: Shroud of Golubria
   886 | D:1      | Slain by a jackal

Vault maps used:
D:1:      lemuel_arrival_room, corexii_leaking_fountain, hex_large
D:2:      nicolae_tso_carved_into_rock

Action                   || total
-------------------------++-------
Melee: Falchion          ||    34
 Cast: Infusion          ||     4
